AoeStats
← Red Calypso

African Clearing

505362305Analyzed
3v3 RM · 24d ago on Sep 9, 2026· 31m 55s· 6 players
Game mode
Random Map
Map size
Normal (6 player)
Population
200
Speed
Normal
Resources
Standard
Victory
Conquest
Starting age
Dark Age
Ending age
Imperial Age
RankedLock teamsTeams togetherTeam positionsShared explorationLock speedFull tech treeHidden civsTurbo modeCheats
Victory
Defeat
🇨🇱 Jurchens · Chile
1416
+13
🇨🇱 Persians · Chile
1407
+13
🇨🇱 Mongols · Chile
1337
+16
🇺🇸 Persians · United States
1426
-17
🇦🇹 Mapuche · Austria
1407
-16
🇨🇦 Italians · Canada
1217
-9
Leonardo
9:28 Loom
11:43 Feudal Age
18:16 Forging
17:58 Double-Bit Axe
22:37 Castle Age
20:37 Horse Collar
22:12 Scale Mail Armor
22:24 Scale Barding Armor
23:07 Bloodlines
23:35 Husbandry
28:17 Town Watch
29:36 Bow Saw
30:28 Stone Mining
31:57 Wheelbarrow
Mancodios
5:03 Loom
11:54 Feudal Age
16:11 Forging
19:42 Castle Age
19:57 Fletching
24:18 Bodkin Arrow
27:20 Husbandry
Gus Dekkers
8:59 Loom
12:08 Feudal Age
14:03 Scale Barding Armor
15:10 Forging
21:49 Castle Age
21:39 Fletching
22:12 Padded Archer Armor
22:35 Elite Skirmisher
23:12 Bodkin Arrow
23:32 Leather Archer Armor
23:25 Gold Mining
24:08 Double-Bit Axe
24:44 Leather Archer Armor
26:47 Bloodlines
29:45 Ballistics
31:02 Town Watch
Shawn96
11:35 Loom
13:49 Feudal Age
18:23 Castle Age
16:44 Double-Bit Axe
18:15 Fletching
22:11 Bodkin Arrow
23:00 Padded Archer Armor
23:55 Bow Saw
28:13 Scale Barding Armor
Red Calypso
7:47 Loom
14:09 Feudal Age
15:32 Double-Bit Axe
19:31 Castle Age
18:19 Forging
27:46 Fletching
27:57 Padded Archer Armor
31:02 Bow Saw
Ice2207
9:10 Loom
11:21 Feudal Age
23:02 Castle Age
21:38 Fletching
22:52 Elite Skirmisher
23:22 Horse Collar
26:21 Double-Bit Axe
27:39 Ballistics
29:39 Bodkin Arrow
Connection lost

Rejoining the realm…

Still unreachable

The connection could not be restored.

Session expired

The server has moved on; the page needs a fresh start.